 Dungeon Crawl Stone Soup version 0.19.5 (webtiles) character file.

13546 Gargoyl the Protected (level 12, -12/99 (101) HPs)
             Began as a Ghoul Abyssal Knight on Apr 2, 2017.
             Was an Elder of Lugonu.
             Mangled by Rupert
             ... wielding a +0 great mace of draining
              (18 damage)
             ... on level 3 of the Lair of Beasts.
             The game lasted 00:34:52 (14702 turns).

Gargoyl the Protected (Ghoul Abyssal Knight)       Turns: 14702, Time: 00:34:53

HP:   -12/99 (101)  AC: 24    Str: 20    XL:     12   Next: 7%
MP:   17/17         EV:  8    Int:  7    God:    Lugonu [****..]
Gold: 744           SH:  0    Dex: 15    Spells: 0 memorised, 11 levels left

rFire  . . .     SeeInvis +     n - +1 war axe (chop)
rCold  + . .     Gourm    .     D - +5 plate armour "Gela Fach" {rCorr Dex+3 SInv Stlth+}
rNeg   + + +     Faith    .     x - +0 buckler
rPois  ∞         Spirit   .     m - +2 helmet
rElec  .         Reflect  .     e - +0 cloak
rCorr  +         Harm     .     (no gloves)
MR     .....                    (no boots)
Stlth  ..........               (no amulet)
                                l - +3 ring of strength
                                z - +4 ring of slaying

@: confused, very slightly contaminated, rotting
A: rotting body, claws 1, carnivore 3, cold resistance 1, negative energy
resistance 3, slow regeneration 1, torment resistance, unbreathing
a: Depart the Abyss, Bend Space, Banish, Corrupt, Renounce Religion


You were on level 3 of the Lair of Beasts.
You worshipped Lugonu.
Lugonu was greatly pleased with you.
You were not hungry.

You visited 2 branches of the dungeon, and saw 12 of its levels.
You visited the Abyss 1 time.
You also visited: Sewer.

You collected 744 gold pieces.

Inventory:

Hand Weapons
 a - a +1 hand axe
 d - a +1 vampiric whip
 n - a +1 war axe of chopping (weapon)
 A - a +0 trident
Missiles
 v - 4 tomahawks (quivered)
Armour
 e - a +0 cloak (worn)
 m - a +2 helmet (worn)
 x - a +0 buckler (worn)
 D - the +5 plate armour "Gela Fach" (worn) {rCorr Dex+3 SInv Stlth+}
   (You found it on level 2 of the Lair of Beasts)

   It affects your dexterity (+3).
   It lets you see invisible.
   It protects you from acid and corrosion.
   It makes you more stealthy.
Jewellery
 l - a +3 ring of strength (right claw)
 y - an uncursed ring of protection from magic
 z - a +4 ring of slaying (left claw)
Wands
 i - a wand of iceblast (7/15)
 o - a wand of iceblast (9/15)
 r - a wand of random effects (25/48)
 u - a wand of digging (11/24)
 C - a wand of acid (6/15)
Scrolls
 h - a scroll of blinking
 k - 3 scrolls of remove curse
 p - 6 scrolls of identify
 t - 4 scrolls of fear
Potions
 b - a potion of heal wounds
 f - a potion of resistance
 g - 5 potions of flight
 w - a potion of curing
 E - a potion of brilliance
Books
 B - a book of Flames

   Spells                             Type                      Level
   a - Flame Tongue                   Conjuration/Fire             1
   b - Throw Flame                    Conjuration/Fire             2
   c - Conjure Flame                  Conjuration/Fire             3
   d - Inner Flame                    Hexes/Fire                   3
   e - Sticky Flame                   Conjuration/Fire             4
   f - Fireball                       Conjuration/Fire             5
Comestibles
 c - 7 meat rations
 j - 2 slices of pizza
 s - 6 beef jerkies


   Skills:
 + Level 7.7 Fighting
 + Level 8.1(9.0) Axes
 + Level 6.0(8.0) Maces & Flails
 + Level 0.1 Throwing
 * Level 10.3 Armour
 + Level 3.3 Dodging
 + Level 2.3 Shields
 * Level 9.1 Invocations


You had 11 spell levels left.
You didn't know any spells.

Dungeon Overview and Level Annotations

Branches:
Dungeon (9/15)             Temple (0/1) D:6            Lair (3/6) D:9
    Orc (0/2) D:9
  Swamp: Lair:2-4    Shoals: Lair:2-4     Snake: Lair:2-4    Spider: Lair:2-4

Altars:
Cheibriados
Gozag
Nemelex Xobeh
Qazlal
Sif Muna
Xom
The Shining One

Annotations:
Lair:3 Rupert


Innate Abilities, Weirdness & Mutations

Your body is rotting away.
You thrive on raw meat.
You are immune to poison.
You have sharp fingernails.
You are carnivorous and can eat meat at any time.
Your flesh is cold resistant. (rC+)
You are immune to negative energy. (rN+++)
You regenerate slowly when monsters are visible.
You are immune to unholy pain and torment.
You can survive without breathing.


Message History

You barely miss Rupert.
The water moccasin bites you but does no damage. x2
Unknown command.
You hit the water moccasin.
You kill the water moccasin!
Lugonu accepts your kill.
You hit Rupert. Rupert roars wildly at you.
You are confused.
Unknown command.
Unknown command.
Rupert looks more energetic.
Rupert roars madly and goes into a rage!
Rupert goes berserk!
Rupert hits you with a great mace of draining!
* * * LOW HITPOINT WARNING * * *
You see here a water moccasin corpse.
Unknown command.
Rupert hits you with a great mace of draining!!
You die...

....... ♣... ..:....
♣..###### ####...
♣..#⌠...#..♣ # ##
♣..'....#..♣ ####
♣..'..<.#..♣ #.P#
♣..'....#..♣ §§.##
♣..#⌠...#..♣ §P..#
♣..######..♣ ....#
♣...@†.....♣ ....# #
♣....@.....♣ #...####.
♣♣♣♣♣...♣♣♣♣ .#...##P.♣#♣♣
♣♣...♣ #...####....♣
♣....#♣ ....#..##...#
♣#....# (...@.......###
##.###
#...######..#.###...######
#...# #...@............


You could see Rupert (berserk).

Vanquished Creatures
  Pikel (D:6)
  A necromancer (Lair:2)
  A black mamba (Lair:2)
  3 spiny frogs
  A rime drake (Lair:2)
  2 komodo dragons (Lair:1)
  3 blink frogs (Lair:1)
  14 yaks
  A basilisk (Lair:2)
  5 water moccasins
  2 hell hounds (D:9)
  3 porcupines (Lair:1)
  A black bear (D:6)
  3 orc warriors
  An ice beast (D:9)
  5 sky beasts
  A slave (D:6)
  3 phantoms (D:8)
  5 ogres
  A necrophage (D:9)
  3 centaurs
  5 crocodiles
  A big kobold (Sewer)
  10 bullfrogs
  A gnoll sergeant (D:8)
  A water moccasin zombie (D:7)
  A scorpion (D:5)
  A water moccasin skeleton (D:4)
  2 troll zombies (D:9)
  3 killer bees
  A howler monkey (D:6)
  A bullfrog zombie (D:9)
  7 hounds
  A jelly (D:7)
  3 bullfrog skeletons
  2 quasits
  A centaur zombie (D:9)
  2 orc priests
  7 orc wizards
  Jessica (D:2)
  3 iguanas
  3 worker ants
  5 polar bear simulacra (Lair:2)
  2 wolf simulacra (Lair:2)
  A yak simulacrum (Lair:2)
  A killer bee zombie (D:6)
  4 ogre zombies (D:9)
  A hound skeleton (D:8)
  A mummy (D:4)
  3 worker ant zombies
  Robin (D:2)
  6 gnolls
  9 adders
  6 river rats
  A shadow imp (D:6)
  An ooze (D:2)
  2 adder skeletons
  An adder zombie (D:9)
  5 worms
  A dart slug (D:4)
  10 leopard geckos
  27 orcs
  9 bats
  9 giant cockroaches
  11 goblins
  10 hobgoblins
  13 jackals
  14 kobolds
  A quokka (D:4)
  A ball python skeleton (D:5)
  7 frilled lizards
  3 hobgoblin skeletons (D:9)
  2 hobgoblin zombies (D:9)
  2 jackal skeletons
  A jackal zombie (D:5)
  2 orc skeletons (D:9)
  12 orc zombies (D:9)
  2 quokka zombies
  10 rats
  3 river rat simulacra (Lair:2)
  A fungus (Lair:1)
318 creatures vanquished.

Vanquished Creatures (others)
  A hydra (Lair:1)
  A catoblepas (Lair:3)
  A black mamba (Lair:1)
  A troll (D:9)
  A blink frog (Lair:1)
  A vampire (D:9)
  A slave (D:5)
  A phantom (D:9)
  4 fungi (Lair:3)
  A plant (Lair:1)
13 creatures vanquished.

Grand Total: 331 creatures vanquished

Notes
Turn   | Place    | Note
-------+----------+-------------------------------------------
     0 | Abyss:1  | Gargoyl the Ghoul Abyssal Knight began the quest for the Orb.
     0 | Abyss:1  | Reached XP level 1. HP: 19/19 MP: 1/1
    31 | Abyss:2  | Noticed an orange demon
   108 | Abyss:2  | Noticed a bone dragon
   114 | Abyss:2  | Noticed a small abomination
   125 | Abyss:2  | Noticed a bone dragon
   155 | Abyss:2  | Noticed a tentacled starspawn
   158 | D:1      | Escaped the Abyss
   250 | D:1      | Reached skill level 2 in Armour
   531 | D:1      | Reached XP level 2. HP: 26/26 MP: 2/2
   801 | D:2      | Reached * piety under Lugonu
   823 | D:2      | Noticed Robin
   834 | D:2      | Reached XP level 3. HP: 24/33 MP: 3/3
   836 | D:2      | Killed Robin
   939 | D:2      | Reached skill level 1 in Dodging
  1010 | D:2      | Found a glowing golden altar of the Shining One.
  1024 | D:2      | Noticed Jessica
  1028 | D:2      | Killed Jessica
  1028 | D:2      | Reached XP level 4. HP: 39/40 MP: 4/4
  1119 | D:2      | Reached skill level 3 in Armour
  1269 | D:2      | Reached ** piety under Lugonu
  1472 | D:2      | Reached XP level 5. HP: 32/46 MP: 5/5
  1913 | D:3      | Found an opulent altar of Gozag.
  2244 | D:3      | Found a glowing drain.
  2248 | Sewer    | Entered a sewer
  2495 | Sewer    | Noticed a big kobold
  2524 | Sewer    | Killed a big kobold
  2524 | Sewer    | Reached XP level 6. HP: 41/53 MP: 7/7
  2555 | Sewer    | Found a white marble altar of Elyvilon.
  3235 | D:4      | Reached *** piety under Lugonu
  3255 | D:4      | Reached skill level 4 in Armour
  3323 | D:4      | Noticed a sky beast
  3363 | D:4      | Killed a sky beast
  3363 | D:4      | Reached skill level 1 in Maces & Flails
  3363 | D:4      | Reached XP level 7. HP: 29/60 MP: 8/8
  4029 | D:4      | Found a snail-covered altar of Cheibriados.
  4095 | D:5      | Entered Level 5 of the Dungeon
  4271 | D:5      | Found a snail-covered altar of Cheibriados.
  5052 | D:5      | Reached XP level 8. HP: 55/67 MP: 10/10
  5220 | D:6      | Reached skill level 5 in Armour
  5244 | D:6      | Found a staircase to the Ecumenical Temple.
  5293 | D:6      | Reached skill level 5 in Fighting
  5316 | D:6      | Reached **** piety under Lugonu
  5394 | D:6      | Noticed Pikel
  5405 | D:6      | Noticed a yak
  5407 | D:6      | Noticed a yak
  5408 | D:6      | Noticed a yak
  5410 | D:6      | Noticed a yak
  5411 | D:6      | Noticed a yak
  5412 | D:6      | Noticed a yak
  5493 | D:5      | Killed a yak
  5530 | D:5      | Killed a yak
  5530 | D:5      | Reached skill level 6 in Armour
  6256 | D:6      | Killed Pikel
  6256 | D:6      | Reached skill level 5 in Invocations
  6256 | D:6      | Reached XP level 9. HP: 30/75 MP: 10/12
  6641 | D:7      | Reached skill level 7 in Armour
  6771 | D:7      | Found a shimmering altar of Xom.
  6820 | D:7      | Found a stormy altar of Qazlal.
  7589 | D:7      | Reached skill level 5 in Maces & Flails
  8348 | D:8      | Found a sparkling altar of Nemelex Xobeh.
  8465 | D:8      | Found a deep blue altar of Sif Muna.
  8854 | D:8      | Reached skill level 8 in Armour
  8854 | D:8      | Reached XP level 10. HP: 78/83 MP: 13/13
 10002 | D:9      | Found a staircase to the Orcish Mines.
 10279 | D:9      | Reached skill level 1 in Shields
 10700 | D:9      | Reached skill level 5 in Axes
 10883 | D:9      | Found a staircase to the Lair.
 11201 | D:9      | Reached ***** piety under Lugonu
 11340 | Lair:1   | Entered Level 1 of the Lair of Beasts
 11450 | Lair:1   | Reached skill level 9 in Armour
 11456 | Lair:1   | Reached XP level 11. HP: 5/91 MP: 15/15
 12916 | Lair:1   | Noticed a five-headed hydra
 12917 | Lair:1   | Banished a five-headed hydra
 13684 | Lair:2   | Noticed a necromancer
 13697 | Lair:2   | Killed a necromancer
 13697 | Lair:2   | Reached skill level 10 in Armour
 13995 | Lair:2   | Got a crude plate armour
 14006 | Lair:2   | Identified the +5 plate armour "Gela Fach" {rCorr Dex+3 SInv Stlth+} (You found it on level 2 of the Lair of Beasts)
 14238 | Lair:3   | Noticed a catoblepas
 14255 | Lair:3   | Banished a catoblepas
 14255 | Lair:3   | Reached XP level 12. HP: 39/98 MP: 17/17
 14505 | Lair:3   | Noticed a seven-headed hydra
 14512 | Lair:3   | Banished a nine-headed hydra
 14661 | Lair:3   | Noticed Rupert
 14663 | Lair:3   | Paralysed by Rupert for 4 turns
 14702 | Lair:3   | Mangled by Rupert

Skill      XL: |  1  2  3  4  5  6  7  8  9 10 11 12 |
---------------+-------------------------------------+-----
Armour         | 2 3 4 6 8 9 10 | 10.3
Axes           | 2 3 6 8 |  8.1
Dodging        | 1 2 3 |  3.3
Fighting       | 4 5 6 7 |  7.7
Invocations    | 3 4 5 6 7 8 9 |  9.1
Maces & Flails | 1 2 4 5 6 |  6.0
Shields        | 1 2 |  2.3
Throwing       | |  0.1

Action                   |  1- 3 |  4- 6 |  7- 9 | 10-12 || total
-------------------------+-------+-------+-------+-------++-------
Melee: Hand axe          |    82 |   296 |       |       ||   378
       Whip              |       |    75 |  1198 |    75 ||  1348
       War axe           |       |       |       |   601 ||   601
Throw: Tomahawk          |       |       |       |     2 ||     2
Invok: Depart the Abyss  |     1 |       |       |       ||     1
       Banish            |       |       |     1 |     9 ||    10
  Use: Scroll            |     4 |     7 |    14 |    12 ||    37
       Potion            |       |     6 |     6 |     3 ||    15
  Eat: Chunk             |    11 |    34 |    55 |    82 ||   182
Armor: Scale mail        |    40 |   154 |       |       ||   194
       Chain mail        |       |    68 |   785 |   501 ||  1354
       Plate armour      |       |       |       |    24 ||    24
Dodge: Dodged            |    54 |   197 |   415 |   288 ||   954
Block: Buckler           |       |       |    25 |   112 ||   137
